 Dungeon Crawl Stone Soup version 0.18-a0-1764-gf4ddf0b (webtiles) character file.

660 M4edhros the Skirmisher (level 7, -1/72 HPs)
             Began as an Ogre Wanderer on Apr 13, 2016.
             Slain by a sixfirhy (7 damage)
             ... summoned by the capriciousness of Xom
             ... in a sewer.
             The game lasted 00:13:23 (2428 turns).

M4edhros the Skirmisher (Ogre Wanderer)             Turns: 2428, Time: 00:13:23

Health: -1/72      AC:  5    Str: 21    XL:     7   Next: 56%
Magic:  7/7        EV: 10    Int: 10    God:    Xom [.*....]
Gold:   53         SH:  0    Dex:  9    Spells: 0 memorised, 6 levels left

rFire  . . .     SeeInvis .     r - +0 hunting sling
rCold  . . .     Gourm    .     a - +2 robe
rNeg   . . .     Faith    +     (no shield)
rPois  .         Spirit   .     (helmet restricted)
rElec  .         Dismiss  .     (no cloak)
rCorr  .         Reflect  .     (gloves unavailable)
SustAt .         Harm     .     (boots unavailable)
MR     .....                    o - amulet of faith
Stlth  ++........               (no ring)
                                (no ring)

@: not resistant to hostile enchantments, unstealthy
A: unfitting armour, camouflage 1, high mp 1, tough skin 1
a: Renounce Religion


You were in a sewer.
You worshipped Xom.
You were a plaything of Xom.
You were not hungry.

You visited 1 branch of the dungeon, and saw 3 of its levels.
You also visited: Sewer.

You collected 53 gold pieces.

Inventory:

Hand Weapons
 b - a +0 shortbow
 d - a +0 quarterstaff
 e - a +0 dagger
 r - a +0 hunting sling (weapon)
 w - a +0 blowgun
 x - a +0 dagger of venom
 C - a +2 vampiric falchion
Missiles
 c - 14 arrows
 i - 2 arrows of flame
 m - 172 stones (quivered)
 s - 23 sling bullets
 y - 26 poisoned needles
Armour
 a - a +2 robe (worn)
Jewellery
 o - an amulet of faith (around neck)
Wands
 A - a wand of acid (0/15)
Scrolls
 q - a scroll of magic mapping
 t - 2 scrolls of enchant weapon {unknown}
 v - a scroll of identify {unknown}
 z - a scroll of random uselessness {unknown}
Potions
 g - a potion of might
 j - a potion of cure mutation {unknown}
 k - a potion of flight {unknown}
Comestibles
 f - 2 bread rations
 h - a chunk of flesh


   Skills:
 - Level 5.6 Fighting
   Level 1.3(1.7) Maces & Flails
 - Level 1.0(1.1) Staves
 * Level 5.0 Slings
 - Level 1.0(4.2) Throwing
 - Level 2.1 Dodging
 - Level 2.4 Stealth


You had 6 spell levels left.
You didn't know any spells.

Dungeon Overview and Level Annotations

Branches:
Dungeon (3/15)

Altars:
Okawaru
Xom


Innate Abilities, Weirdness & Mutations

You are too large for most types of armour.
You have tough skin (AC +1).
Your skin changes colour to match your surroundings (Stealth).
You have an increased reservoir of magic (+10% MP).


Message History

The air around you briefly surges with heat, but it dissipates.
It was a scroll of immolation.
Drink which item? (? for menu, Esc to quit)
Okay, then.
Evoke which item? (* to show all) (? for menu, Esc to quit)
Okay, then.
Okay, then.
Read which item? (? for menu, Esc to quit)
Okay, then.
You don't know any spells.
Unknown command.
The sixfirhy hits you!
You emit a cloud of colourful smoke!
The sixfirhy shocks you!
* * * LOW HITPOINT WARNING * * *
The sixfirhy hits you!
* * * LOW HITPOINT WARNING * * *
The sixfirhy shocks you!
You die... "What!?
That's it?"

##.##(#######≈######
#≈≈.#..)..)#≈.≈#....
#.≈.)≈≈≈≈≈≈)....≈≈≈≈
#≈..#≈≈≈≈≈≈#)(.#≈≈≈≈
#############†######
#######...##
###...##..§..##.
###§§.≈.'.......'.§
#§@4§.§.'.§._.§.'.≈
###§§.≈.'(......'.≈
###...##.§.§.##..
#######...## ##
#'''# .....# ≈≈≈.#
...# K 5##


You could see a sixfirhy.

Vanquished Creatures
  Grinder (Sewer)
  A big kobold (Sewer)
  An orc wizard (D:3)
  An orc priest (D:3)
  Ijyb (D:2)
  Terence (D:3)
  4 adders
  4 shadow imps (Sewer)
  An ufetubus (Sewer)
  3 oozes
  2 worms (D:2)
  2 dart slugs (D:1)
  A giant gecko (D:1)
  8 orcs (D:3)
  4 ball pythons
  11 bats
  A bat zombie (Sewer)
  7 giant cockroaches
  A goblin (shapeshifter) (D:3)
  6 goblins
  8 hobgoblins
  5 jackals
  26 kobolds
  A quokka (D:2)
  A kobold zombie (Sewer)
  5 rats
107 creatures vanquished.

Vanquished Creatures (collateral kills)
  A kobold demonologist (Sewer)
  A big kobold zombie (Sewer)
  2 giant cockroaches (Sewer)
  A bat (Sewer)
  4 kobolds (Sewer)
9 creatures vanquished.

Vanquished Creatures (others)
  A kobold (Sewer)
1 creature vanquished.

Grand Total: 117 creatures vanquished

Notes
Turn   | Place    | Note
--------------------------------------------------------------
     0 | D:1      | M4edhros the Ogre Wanderer began the quest for the Orb.
     0 | D:1      | M4edhros set off with: a +2 robe, a +0 shortbow, 28 arrows, a +0 quarterstaff, a +0 dagger, a bread ration
     0 | D:1      | Reached XP level 1. HP: 19/19 MP: 1/1
   119 | D:1      | Reached XP level 2. HP: 29/29 MP: 2/2
   355 | D:1      | Reached XP level 3. HP: 39/39 MP: 3/3
  1080 | D:2      | Reached XP level 4. HP: 49/49 MP: 4/4
  1104 | D:2      | Found a shimmering altar of Xom.
  1137 | D:2      | Noticed Ijyb
  1149 | D:2      | Killed Ijyb
  1149 | D:2      | Reached skill level 5 in Fighting
  1168 | D:2      | Became a worshipper of Xom of Chaos
  1585 | D:3      | Reached skill level 1 in Slings
  1588 | D:3      | Reached XP level 5. HP: 58/58 MP: 5/5
  1665 | D:3      | Found an iron altar of Okawaru.
  1765 | D:3      | Noticed Terence
  1772 | D:3      | XOM: silly message
  1786 | D:3      | Killed Terence
  1859 | D:3      | XOM: harmless Hex miscast
  1861 | D:3      | XOM: enchant monster (good)
  1889 | D:3      | XOM: polymorph orc -> ball python
  1901 | D:3      | Gained mutation: Your skin changes colour to match your surroundings (Stealth). [mutagenic meat]
  1902 | D:3      | XOM: swap monsters
  1913 | D:3      | Reached XP level 6. HP: 39/66 MP: 6/6
  1916 | D:3      | XOM: harmless Pois miscast
  1954 | D:3      | Found a glowing drain.
  1963 | Sewer    | Entered a sewer
  2291 | Sewer    | Found a burning altar of Makhleb.
  2292 | Sewer    | XOM: noise
  2297 | Sewer    | XOM: smoke on damage
  2300 | Sewer    | XOM: summons friendly ufetubus
  2320 | Sewer    | Noticed an apprentice kobold demonologist
  2322 | Sewer    | Gained mutation: You have an increased reservoir of magic (+10% MP). [potion of beneficial mutation]
  2322 | Sewer    | XOM: enchant monster (good)
  2323 | Sewer    | XOM: enchant monster (good)
  2325 | Sewer    | XOM: summons 5 friendly demons
  2330 | Sewer    | Noticed Grinder
  2333 | Sewer    | XOM: severe Fire miscast
  2340 | Sewer    | Killed an apprentice kobold demonologist
  2340 | Sewer    | Reached XP level 7. HP: 16/72 MP: 7/7
  2345 | Sewer    | XOM: divination: detect creatures
  2348 | Sewer    | XOM: enchant monster (bad)
  2351 | Sewer    | Killed Grinder
  2355 | Sewer    | Reached skill level 5 in Slings
  2426 | Sewer    | XOM: medium Summ miscast
  2427 | Sewer    | Noticed a sixfirhy
  2428 | Sewer    | XOM: smoke on damage
  2428 | Sewer    | Slain by a sixfirhy

Vault maps used:
D:1:      minmay_arrival_shattered_statue, minmay_misc_feat_roman,
          grunt_decor_one_mirror, minivault_26, minivault_11
D:2:      forest_paths, xom_teletrap_fun, uniq_iyjb
D:3:      okawaru_gym_becter, portal_sewer_entry_e, kennysheep_generic_room_14,
          uniq_terence
Sewer:    kennysheep_sewer_church

Skill      XL: |  1  2  3  4  5  6  7 |
---------------+----------------------+-----
Fighting       | 2 3 4 5 |  5.6
Slings         | 1 2 4 5 |  5.0
Maces & Flails | |  1.3
Staves         | |  1.0
Throwing       | |  1.0
Dodging        | |  2.1
Stealth        | |  2.4

Action                   |  1- 3 |  4- 6 |  7- 9 || total
-------------------------+-------+-------+-------++-------
Melee: Quarterstaff      |       |    11 |       ||    11
       Dagger            |       |    26 |       ||    26
       Hunting sling     |       |     2 |       ||     2
 Fire: Shortbow          |    94 |       |       ||    94
       Hunting sling     |     4 |   160 |    13 ||   177
       Blowgun           |       |     9 |       ||     9
Evoke: Club              |       |     3 |     3 ||     6
  Use: Scroll            |       |     3 |     3 ||     6
       Potion            |       |     7 |       ||     7
  Eat: Chunk             |       |     5 |     1 ||     6
Armor: Robe              |    16 |    30 |     4 ||    50
       Skin              |       |    27 |       ||    27
Dodge: Dodged            |    21 |    72 |     8 ||   101
